 Dungeon Crawl Stone Soup version 0.29-a0-555-g3b24f45cc1 (webtiles) character file.

Game seed: 7697501572779712492

79 Hubjo the Insei (level 4, 0/33 HPs)
             Began as a Demonspawn Transmuter on June 7, 2022.
             Was a Priest of Lugonu.
             Slain by Terence
             ... wielding a +0 mace
              (3 damage)
             ... on level 3 of the Dungeon.
             The game lasted 00:02:57 (2899 turns).

Hubjo the Insei (Demonspawn Transmuter)             Turns: 2899, Time: 00:02:58

Health: 0/33       AC:  2    Str: 11    XL:     4   Next: 16%
Magic:  6/7        EV: 16    Int: 14    God:    Lugonu [***...]
Gold:   92         SH:  5    Dex: 21    Spells: 3/8 levels left

rFire   . . .      SeeInvis .     - Unarmed
rCold   . . .      Faith    .   (no shield)
rNeg    . . .      Spirit   .   a - +0 robe
rPois   .          Reflect  +   (helmet currently unavailable)
rElec   .          Harm     .   (no cloak)
rCorr   .          Rampage  .   (no gloves)
Will    .....                   (boots currently unavailable)
Stlth   ++........              f - amulet of reflection
HPRegen 0.11/turn               i - +4 ring of evasion
MPRegen 0.10/turn               h - +6 ring of dexterity

@: appendages
A: horns 2, talons 2, powered by death 1, powered by pain 1, weakness stinger 1
a: End Transformation, Renounce Religion, Depart the Abyss, Bend Space, Banish


You were on level 3 of the Dungeon.
You worshipped Lugonu.
Lugonu was most pleased with you.
You had temporarily grown beastly horns and talons.
You visited 1 branch of the dungeon, and saw 4 of its levels.

You collected 92 gold pieces.

Inventory:

Armour
 a - a +0 robe (worn)
Jewellery
 f - an amulet of reflection (around neck)
 h - a +6 ring of dexterity (right hand)
 i - a +4 ring of evasion (left hand)
 k - an amulet of the acrobat
Scrolls
 c - 2 scrolls of identify
 d - a scroll of silence
 g - a scroll of poison
 m - a scroll of noise {unknown}
 n - a scroll of magic mapping {unknown}
Potions
 b - 2 potions of lignification
 e - a potion of flight {unknown}
 j - a potion of degeneration {unknown}
 l - a potion of berserk rage {unknown}


   Skills:
 + Level 2.2 Fighting
 - Level 1.7 Dodging
 + Level 1.1 Stealth
 + Level 3.1 Unarmed Combat
 + Level 2.5 Spellcasting
 * Level 2.3 Transmutations
 + Level 0.0 Ice Magic


You had 3 spell levels left.
You knew the following spells:

 Your Spells              Type           Power      Damage    Failure   Level
a - Beastly Appendage     Tmut           16%        N/A       9%          1
b - Ice Form              Ice/Tmut       5%         N/A       80%         4

Your spell library contained the following spells:

 Spells                   Type           Power      Damage    Failure   Level
 Wereblood                Tmut           8%         N/A       13%         2
 Ensorcelled Hibernation  Hex/Ice        2%         N/A       34%         2
 Sublimation of Blood     Necr           1%         N/A       34%         2
 Spider Form              Tmut/Pois      5%         N/A       38%         3
 Anguish                  Hex/Necr       0%         N/A       92%         4
 Summon Hydra             Summ           0%         N/A       100%        7


Dungeon Overview and Level Annotations

Branches:
Dungeon (4/15)
 Temple: D:4-7

Altars:
Lugonu

Shops:
D:1 *

Annotations:
D:3 Terence


Innate Abilities, Weirdness & Mutations

You have temporarily grown beastly horns and talons.
You regenerate a little health from kills.
You sometimes gain a little power by taking damage.
You have a small tail.


Message History

You tail-slap Terence, but do no damage.
Terence is severely wounded.
Terence hits you with a +0 mace.
You barely miss Terence.
Your tail-slap misses Terence.
Terence is severely wounded.
Terence hits you with a +0 mace.
You hit Terence. You claw Terence.
Terence is almost dead.
Terence closely misses you.
You hit Terence but do no damage. Your kick misses Terence.
You headbutt Terence, but do no damage.
Terence is almost dead.
Terence says, "How do you enjoy it?" Terence misses you.
You barely miss Terence. You claw Terence, but do no damage.
Terence is almost dead.
Your horns disappear.
Your talons disappear.
Terence hits you with a +0 mace!
You hit Terence but do no damage.
Terence is almost dead.
Terence shouts, "ATTACK!!!"
Terence hits you but does no damage.
You hit Terence but do no damage.
Terence is almost dead.
Terence hits you with a +0 mace.
You are too injured to fight recklessly!
You are too injured to fight recklessly!
You are too injured to fight recklessly!
You are too injured to fight recklessly!
Casting: Beastly Appendage (safe; 9% risk of failure)
Confirm with . or Enter, or press ? or * to list all spells.
You grow a pair of large bovine horns.
Your feet morph into talons.
Terence hits you with a +0 mace!
* * * LOW HITPOINT WARNING * * *
You barely miss Terence. Your kick misses Terence.
Terence is almost dead.
You hit Terence.
Terence is almost dead.
Terence hits you with a +0 mace.
You die...

#####.# #.....#
####### ###.#####
#.....# #...#
#.###.########.###
..###.##.......#
###...##.#########
###.#.......>....#
).....##.#######@#
....#.##.####
#.@.#
....#.##....#
###.#
....#.##(##.# .#
....#.#####.# .
....#.......# ##
....#.#######
#######


You could see Terence.

Vanquished Creatures
  3 adders (D:2)
  2 worms
  A dart slug (D:2)
  4 endoplasms
  3 giant cockroaches
  3 hobgoblins
  4 jackals (D:1)
  A kobold (D:1)
  3 quokkas (D:2)
  3 ball pythons (D:1)
  3 bats
  5 frilled lizards (D:1)
  4 goblins
  4 rats
43 creatures vanquished.

Notes
Turn   | Place    | Note
-------+----------+-------------------------------------------
     0 | D:1      | Hubjo the Demonspawn Transmuter began the quest for the
                  | Orb.
     0 | D:1      | Reached XP level 1. HP: 15/15 MP: 3/3
    72 | D:1      | Found a faded altar of an unknown god.
   104 | D:1      | Prayed at the altar of an unknown god.
   104 | D:1      | Became a worshipper of Lugonu the Unformed
   104 | D:1      | Reached * piety under Lugonu
   104 | D:1      | Reached ** piety under Lugonu
   492 | D:1      | Gained mutation: You regenerate a little health from kills.
                  | [demonic ancestry]
   492 | D:1      | Reached XP level 2. HP: 14/21 MP: 3/5
  1143 | D:1      | Found Maitwuk's Assorted Antiques.
  1537 | D:2      | Gained mutation: You sometimes gain a little power by
                  | taking damage. [demonic ancestry]
  1537 | D:2      | Reached XP level 3. HP: 20/27 MP: 3/6
  1590 | D:2      | Reached skill level 3 in Unarmed Combat
  1883 | D:2      | Reached *** piety under Lugonu
  1904 | D:2      | Reached skill level 1 in Stealth
  2329 | D:2      | Gained mutation: You have a small tail. [demonic ancestry]
  2329 | D:2      | Reached XP level 4. HP: 33/33 MP: 5/7
  2751 | D:2      | Learned a level 4 spell: Ice Form
  2855 | D:3      | You fall into a shaft and drop 1 floor!
  2883 | D:3      | Noticed Terence
  2899 | D:3      | Slain by Terence

Illustrated notes

Levels and vault maps discovered:
D:1:      heliophobic_arrival_enchanted_forest, layout_basic,
          ebering_ecumenical_altar_mist, serial_shops, nicolae_shop_trees
D:2:      layout_basic
D:3:      layout_basic, minmay_crystal_room, uniq_terence
D:4:      minmay_polygon_palace, layout_loops_ring

Skill      XL: |  1  2  3 |
---------------+----------+-----
Transmutations | 2 |  2.3
Fighting       | 2 |  2.2
Unarmed Combat | 3 |  3.1
Stealth        | 1 |  1.1
Dodging        | |  1.7
Spellcasting   | |  2.5

Action                   |  1- 3 |  4- 6 || total
-------------------------+-------+-------++-------
Melee: Unarmed           |   106 |    24 ||   130
       Headbutt          |    14 |     6 ||    20
       Kick              |    18 |     9 ||    27
       Punch             |     1 |       ||     1
       Tailslap          |       |     1 ||     1
 Cast: Beastly Appendage |    29 |     7 ||    36
  Use: Scroll            |       |     2 ||     2
 Stab: Sleeping          |     3 |     1 ||     4
Armor: Robe              |    18 |     3 ||    21
Dodge: Dodged            |    68 |     8 ||    76
Block: Other             |       |     2 ||     2

Table legend: (Time is in decaauts)
 A = Elapsed time spent in this place.
 B = Non-inter-level travel time spent in this place.
 C = Inter-level travel time spent in this place.
 D = Time resting spent in this place.
 E = Time spent auto-exploring this place.
 F = Levels seen in this place.
 G = Mean time per level.
                   A        B        C        D        E       F      G
               +--------+--------+--------+--------+--------+-----+--------+
         Total |   2890 |   2839 |     51 |      0 |   2477 |   4 |  722.5 |
       Dungeon |   2890 |   2839 |     51 |      0 |   2477 |   4 |  722.5 |
               +--------+--------+--------+--------+--------+-----+--------+

Top non-repeatable levels by time:
     D:1: 1469 daAuts
     D:2: 1275 daAuts
     D:3: 139 daAuts
     D:4: 5 daAuts
